 Dungeon Crawl Stone Soup version 0.29-a0-824-gd827844252 (webtiles) character file.

Game seed: 7984021038757453388

98102 27snakeeyes612 the Fighter (level 16, -1/158 HPs)
             Began as a Naga Fighter on July 9, 2022.
             Was the Champion of Cheibriados.
             Killed by divine providence
             ... invoked by an orc high priest
              (11 damage)
             ... on level 2 of the Orcish Mines.
             The game lasted 00:28:39 (28992 turns).

27snakeeyes612 the Fighter (Naga Fighter)          Turns: 28992, Time: 00:28:40

Health: -1/158     AC: 42    Str: 42    XL:     16   Next: 21%
Magic:  14/24      EV:  8    Int: 27    God:    Cheibriados [******]
Gold:   2383       SH: 22    Dex: 22    Spells: 15/15 levels left

rFire   + . .      SeeInvis +   E - +10 hand axe of Untruth {venom, rC++ Dex-3}
rCold   + + +      Faith    .   L - +2 tower shield of the Gate {*Slow Fly rElec rF+}
rNeg    . . .      Spirit   .   q - +5 chain mail "Naxikhuf" {rPois}
rPois   +          Reflect  .   T - +2 hat {Int+3}
rElec   +          Harm     .   Z - +1 cloak of Starlight {*Dazzle EV+4 Stlth--}
rCorr   .          Rampage  .   x - +0 pair of gloves
Will    ++++.                   f - +4 barding {rC+}
Stlth   ..........              U - amulet of Xom's Bemusement {Acrobat Will++}
HPRegen 0.36/turn               t - +4 ring of protection
MPRegen 0.19/turn               B - +4 ring of protection

@: flying, very slow
A: AC +5, large, see invisible, deformed body, poison resistance, slowness 2,
spit poison 1, naga tail 2
a: Spit Poison, Renounce Religion, Bend Time, Temporal Distortion, Slouch, Step
From Time


You were on level 2 of the Orcish Mines.
You worshipped Cheibriados.
Cheibriados was exalted by your worship.
You visited 4 branches of the dungeon, and saw 24 of its levels.
You also visited: Gauntlet.

You collected 2497 gold pieces.
You spent 114 gold pieces at shops.

Inventory:

Hand Weapons
 b - a +1 broad axe
 c - a +4 eveningstar
 E - the +10 hand axe of Untruth (weapon) {venom, rC++ Dex-3}
   (You found it on level 6 of the Dungeon)

   It poisons the flesh of those it strikes.
   Dex:       It affects your dexterity (-3).
   rC:        It greatly protects you from cold.
Missiles
 n - 4 throwing nets
Armour
 f - a +4 barding of cold resistance (worn)
 q - the +5 chain mail "Naxikhuf" (worn) {rPois}
   (You found it on level 6 of the Dungeon)

   rPois:     It protects you from poison.
 x - a +0 pair of gloves (worn)
 D - a scarf of repulsion
 L - the +2 tower shield of the Gate (worn) {*Slow Fly rElec rF+}
   (You acquired it on level 11 of the Dungeon)

   rF:        It protects you from fire.
   rElec:     It insulates you from electricity.
   Fly:       It grants you flight.
   *Slow:     It may slow you when you take damage.
 T - a +2 hat of intelligence (worn)
 Z - the +1 cloak of Starlight (worn) {*Dazzle EV+4 Stlth--}
   (You found it on level 14 of the Dungeon)

   It may blind those who miss an attack against the wearer in melee combat.
   EV:        It affects your evasion (+4).
   Stlth:     It makes you much less stealthy.
Jewellery
 l - an amulet of guardian spirit
 t - a +4 ring of protection (left hand)
 B - a +4 ring of protection (right hand)
 I - a ring of positive energy
 J - a ring of willpower
 N - a ring of magical power
 P - a +6 ring of dexterity
 Q - an amulet of magic regeneration
 R - a ring of fire
 U - the amulet of Xom's Bemusement (around neck) {Acrobat Will++}
   (You found it in a Gauntlet)

   [amulet of the acrobat]

   It increases your evasion while moving and waiting.
   Will:      It greatly increases your willpower.
 X - a ring of protection from fire
 Y - a ring of positive energy
Wands
 v - a wand of quicksilver (4)
 y - a wand of polymorph (12)
 C - a wand of mindburst (24)
 G - a wand of paralysis (30)
 M - a wand of iceblast (5)
 V - a wand of flame (22)
Scrolls
 i - 5 scrolls of magic mapping
 j - 11 scrolls of teleportation
 s - 3 scrolls of fear
 u - 12 scrolls of identify
 z - a scroll of silence
 A - 2 scrolls of summoning
 F - 3 scrolls of fog
 O - 4 scrolls of blinking
 S - a scroll of amnesia
 W - a scroll of brand weapon
Potions
 a - a potion of invisibility
 d - 5 potions of might
 e - a potion of berserk rage
 g - 2 potions of lignification
 h - 6 potions of cancellation
 k - a potion of magic
 m - 2 potions of mutation
 o - 6 potions of brilliance
 p - 6 potions of attraction
 r - 7 potions of curing


   Skills:
 + Level 13.9 Fighting
 + Level 13.7 Axes
 + Level 11.9 Armour
 + Level 12.9 Shields
 + Level 11.1 Invocations


You had 15 spell levels left.
You didn't know any spells.
Your spell library contained the following spells:

 Spells                   Type           Power      Damage    Failure   Level
 Apportation              Tloc           0%         N/A       69%         1
 Beastly Appendage        Tmut           0%         N/A       69%         1
 Necrotise                Necr           0%         1d4       69%         1
 Shock                    Conj/Air       0%         1d3       69%         1
 Summon Small Mammal      Summ           0%         N/A       69%         1
 Ensorcelled Hibernation  Hex/Ice        0%         N/A       83%         2
 Passwall                 Tmut/Erth      0%         N/A       83%         2
 Wereblood                Tmut           0%         N/A       83%         2
 Call Canine Familiar     Summ           0%         N/A       96%         3
 Frozen Ramparts          Ice            0%         1d2       96%         3
 Portal Projectile        Hex/Tloc       0%         N/A       96%         3
 Spider Form              Tmut/Pois      0%         N/A       96%         3
 Swiftness                Air            0%         N/A       96%         3
 Airstrike                Air            0%         0-1+      100%        4
 Corpse Rot               Necr/Pois/Air  0%         N/A       100%        4
 Dispel Undead            Necr           0%         3d6       100%        4
 Ice Form                 Ice/Tmut       0%         N/A       100%        4
 Leda's Liquefaction      Hex/Erth       0%         N/A       100%        4
 Summon Ice Beast         Ice/Summ       0%         N/A       100%        4
 Fireball                 Conj/Fire      0%         3d3       100%        5
 Freezing Cloud           Conj/Ice/Air   0%         6-21      100%        5
 Iskenderun's Battlesphe  Conj           0%         2d6       100%        5
 Summon Mana Viper        Hex/Summ       0%         N/A       100%        5
 Conjure Ball Lightning   Conj/Air       0%         3x3d6     100%        6
 Death Channel            Necr           0%         N/A       100%        6
 Simulacrum               Ice/Necr       0%         N/A       100%        6
 Monstrous Menagerie      Summ           0%         N/A       100%        7
 Orb of Destruction       Conj           0%         9d5       100%        7
 Polar Vortex             Ice            0%         N/A       100%        9


Dungeon Overview and Level Annotations

Branches:
Dungeon (15/15)            Temple (1/1) D:5            Lair (6/6) D:11
 Shoals (0/4) Lair:4        Snake (0/4) Lair:3        Slime (0/5) Lair:5
    Orc (2/2) D:10            Elf (0/3) Orc:2        Vaults (0/5) D:14
 Depths (0/4) D:15        Gauntlet (visited)

Altars:
Ashenzari
Cheibriados
Dithmenos
Elyvilon
Fedhas
Gozag
Hepliaklqana
Kikubaaqudgha
Makhleb
Nemelex Xobeh
Okawaru
Qazlal
Ru
Sif Muna
Trog
Uskayaw
Vehumet
Wu Jian
Xom
Yredelemnul
Zin
The Shining One

Shops:
D:5 [   D:7 *?

Annotations:
D:12 3 runed translucent doors, exclusion: obsidian statue, Ataumnicw's ghost, journeyman SpEn
Lair:5 2 transporters, Wiypapt's ghost, journeyman DjCj


Innate Abilities, Weirdness & Mutations

Your serpentine skin is tough. (AC +5)
You have supernaturally acute eyesight. (SInv)
Armour fits poorly on your strangely shaped body.
Your system is resistant to poisons. (rPois)
You cover ground very slowly.
You can spit poison.
You can use your snake-like lower body to constrict enemies.


Message History

Cheibriados thoroughly appreciates the change of pace.
You block the orc warrior's attack.
You slash the orc warrior!
The orc warrior looks as sick as possible!
Your grab misses the orc warrior.
The orc warrior is moderately wounded.
You barely miss the orc warrior. You grab the orc warrior.
The orc warrior is moderately wounded.
You constrict the orc warrior.
The orc warrior struggles to escape constriction.
You slash the orc warrior!
The orc warrior looks as sick as possible!
The orc warrior is almost dead.
You constrict the orc warrior.
You kill the orc warrior!
Cheibriados thoroughly appreciates the change of pace.
An orc warrior comes into view. It is wielding a +0 short sword.
An orc high priest comes into view. It is wielding a +0 long sword.
You feel better.
The orc warrior shouts!
The orc wizard casts a spell at you. The puff of flame hits you. You resist.
* * * LOW HITPOINT WARNING * * *
Activating: Slouch (1% risk of failure)
Press: ? - help, Dir - look around, f - activate You can feel time thicken for a moment.
You kill the orc wizard!
Cheibriados thoroughly appreciates the change of pace.
The orc warrior throws a boomerang.
You block the boomerang.
The orc high priest invokes the aid of Beogh against you.
Beogh smites you!
* * * LOW HITPOINT WARNING * * *
Activating: Slouch (1% risk of failure)
Press: ? - help, Dir - look around, f - activate You can feel time thicken for a moment.
You kill the orc warrior!
Cheibriados thoroughly appreciates the change of pace.
The orc high priest invokes the aid of Beogh against you.
Beogh smites you!
You die...

.. ### .#### ##.....
#.## .##.### .#..)..
...#......#.# .......
..###....#..#####.......
..##....#.....8.........
..##).................o.
.##..........)).))..._..
.#...##...#.))).@)).....
.....#.#.....)8)))......
............#####.......
.).).......#.# .......
.)).......).## .#.....
)<....#....## ##.....
#...........# ...8
))..........# ....
.......#....####


You could see an orc high priest.

Vanquished Creatures
  Saint Roka (Orc:2)
  Jorgrun (D:12)
  Gastronok (Lair:1)
  2 orc warlords (Orc:1)
  A minotaur (Gauntlet)
  A blizzard demon (Gauntlet)
  Josephine (Lair:6)
  2 ice dragons (D:15)
  A boulder beetle (D:15)
  2 vault guards (D:14)
  A rakshasa (D:13)
  6 hydras
  An ogre mage (D:15)
  Erica (Lair:1)
  A death knight (D:15)
  4 centaur warriors
  3 death yaks (Lair:4)
  10 two-headed ogres
  A death scarab (Gauntlet)
  3 tengu warriors
  Urug (Lair:1)
  The ghost of Garessta the Nimble, a journeyman FeSu of Gozag (D:11)
  2 wretched stars (D:14)
  Amaemon (Lair:1)
  3 cherubim (D:14)
  5 orc knights
  2 deep elf pyromancers (D:12)
  A lindwurm (Lair:4)
  3 orc sorcerers
  2 slime creatures (D:13)
  5 cyclopes
  12 ugly things
  5 manticores
  4 spectral centaurs (D:11)
  A centaur zombie (D:11)
  7 elephants
  2 black mambas
  A cane toad (shapeshifter) (D:14)
  8 cane toads
  Joseph (D:8)
  An orange demon (Lair:1)
  2 unseen horrors
  Maggie (Lair:1)
  3 kobold demonologists
  2 rime drakes
  A tengu conjurer (D:13)
  2 efreet
  An ice devil (Gauntlet)
  5 komodo dragons
  6 trolls
  6 polar bears
  A merfolk (Lair:4)
  3 meliai (D:14)
  A hornet (shapeshifter) (D:15)
  A tarantella (shapeshifter) (D:14)
  7 hornets
  12 blink frogs
  A dream sheep (Lair:6)
  A jumping spider (shapeshifter) (D:15)
  A vampire (D:13)
  A spectral black mamba (Gauntlet)
  7 wraiths
  14 spriggans (Lair:6)
  A hog (shapeshifter) (D:14)
  6 wyverns
  5 basilisks
  50 yaks
  Grum (D:8)
  9 humans (D:14)
  4 nagas (Lair:3)
  3 wargs
  An acid dragon (D:11)
  21 water moccasins
  A meliai simulacrum (D:11)
  34 orc warriors
  7 black bears
  2 sky beasts
  8 ogres
  24 wolves
  4 boggarts (Lair:6)
  13 centaurs
  2 phantoms
  Blork the orc (Orc:2)
  11 kobold brigands
  A necrophage (D:3)
  14 bullfrogs
  3 gnoll sergeants (D:10)
  A scorpion (D:6)
  5 wights (D:7)
  36 killer bees
  3 howler monkeys
  2 electric eels
  A hound (D:6)
  3 jellies
  27 orc priests
  A gnoll bouda (D:4)
  An iguana (D:7)
  30 orc wizards
  18 gnolls
  6 adders
  2 shadow imps
  4 white imps (Gauntlet)
  An ufetubus (D:4)
  A worm (D:4)
  65 orcs
  4 ball pythons
  5 bats
  3 endoplasms (D:2)
  5 giant cockroaches
  7 hobgoblins
  7 jackals
  22 kobolds
  3 quokkas
  9 goblins
  5 rats
694 creatures vanquished.

Vanquished Creatures (others)
  A human (D:14)
  3 orcs
  24 fungi
  97 plants
125 creatures vanquished.

Grand Total: 819 creatures vanquished

Notes
Turn   | Place    | Note
-------+----------+-------------------------------------------
     0 | D:1      | 27snakeeyes612 the Naga Fighter began the quest for the
                  | Orb.
     0 | D:1      | Reached XP level 1. HP: 21/21 MP: 1/1
   362 | D:1      | Reached XP level 2. HP: 26/28 MP: 2/2
   848 | D:1      | Reached XP level 3. HP: 31/34 MP: 3/3
   967 | D:1      | Found a faded altar of an unknown god.
  1231 | D:2      | HP: 1/34 [gnoll/+0 spear (7)]
  1241 | D:2      | Reached XP level 4. HP: 13/42 MP: 4/4
  1755 | D:2      | Reached XP level 5. HP: 41/50 MP: 5/5
  2210 | D:2      | Identified a scroll of acquirement
  2210 | D:2      | Acquired a +0 barding of cold resistance
  3376 | D:3      | Reached XP level 6. HP: 39/57 MP: 4/6
  3752 | D:4      | Found a glowing silver altar of Zin.
  4129 | D:4      | Noticed a water moccasin
  4317 | D:4      | Reached XP level 7. HP: 66/66 MP: 7/7
  4566 | D:5      | Entered Level 5 of the Dungeon
  4689 | D:5      | Found a staircase to the Ecumenical Temple.
  4713 | Temple   | Entered the Ecumenical Temple
  4759 | Temple   | Became a worshipper of Cheibriados the Contemplative
  5066 | D:5      | Reached skill level 5 in Fighting
  5091 | D:5      | Found Abydasy's Armour Shoppe.
  5099 | D:5      | Bought a +0 pair of gloves for 54 gold pieces
  5138 | D:5      | Found a bloodstained altar of Trog.
  5499 | D:5      | Found a glowing golden altar of the Shining One.
  5679 | D:6      | Identified the +5 chain mail "Naxikhuf" {rPois}
  5726 | D:6      | Reached XP level 8. HP: 62/74 MP: 8/8
  5997 | D:6      | Reached skill level 5 in Shields
  6169 | D:6      | Reached * piety under Cheibriados
  6172 | D:6      | Reached skill level 5 in Axes
  6713 | D:6      | Noticed an unseen horror
  6737 | D:6      | Killed an unseen horror
  6738 | D:6      | Reached skill level 5 in Armour
  7298 | D:6      | Found an ornate altar of the Wu Jian Council.
  7754 | D:7      | Found a shadowy altar of Dithmenos.
  7774 | D:7      | Found a hazy altar of Hepliaklqana.
  7775 | D:7      | Noticed a shadow
  7807 | D:7      | Reached XP level 9. HP: 74/82 MP: 9/9
  7841 | D:7      | Found a sacrificial altar of Ru.
  7850 | D:7      | Found Hybuax's Magic Scroll Boutique.
  7856 | D:7      | Bought a scroll of identify for 24 gold pieces
  7856 | D:7      | Bought a scroll of teleportation for 36 gold pieces
  7880 | D:7      | Found Jacosiaj's Assorted Antiques.
  8081 | D:7      | Reached ** piety under Cheibriados
  8271 | D:7      | Found an opulent altar of Gozag.
  8277 | D:7      | Found a sparkling altar of Nemelex Xobeh.
  8969 | D:6      | Identified the +10 hand axe of Untruth {venom, rC++ Dex-3}
  9040 | D:8      | Noticed a two-headed ogre
  9048 | D:8      | Killed a two-headed ogre
  9054 | D:8      | Noticed Grum
  9064 | D:8      | Killed Grum
  9065 | D:8      | Reached XP level 10. HP: 40/94 MP: 5/10
  9519 | D:8      | Noticed Joseph
  9530 | D:8      | Killed Joseph
  9938 | D:9      | Noticed a kobold demonologist
  9948 | D:9      | Killed a kobold demonologist
  9955 | D:9      | Reached *** piety under Cheibriados
 10225 | D:9      | Noticed a two-headed ogre
 10235 | D:9      | Killed a two-headed ogre
 10434 | D:9      | Found a basalt altar of Yredelemnul.
 11023 | D:10     | Entered Level 10 of the Dungeon
 11035 | D:10     | Reached XP level 11. HP: 99/104 MP: 11/11
 11626 | D:10     | Found a staircase to the Orcish Mines.
 11650 | D:10     | Reached **** piety under Cheibriados
 11687 | D:10     | HP: 5/106 [gnoll/+0 halberd (7)]
 12493 | D:11     | Noticed a white ugly thing
 12502 | D:11     | Killed a white ugly thing
 12573 | D:11     | Noticed a manticore
 12575 | D:11     | Paralysed by a hornet for 2 turns
 12591 | D:11     | Killed a manticore
 12899 | D:11     | Found a staircase to the Lair.
 12919 | D:11     | Noticed a cyclops
 12920 | D:11     | Noticed a two-headed ogre
 12928 | D:11     | Killed a two-headed ogre
 12931 | D:11     | Killed a cyclops
 12943 | D:11     | Reached ***** piety under Cheibriados
 13044 | D:11     | Noticed a manticore
 13053 | D:11     | Killed a manticore
 13391 | D:11     | Reached skill level 1 in Invocations
 13552 | D:11     | Noticed a white ugly thing
 13563 | D:11     | Killed a white ugly thing
 13564 | D:11     | Reached skill level 10 in Fighting
 13564 | D:11     | Reached XP level 12. HP: 116/116 MP: 11/13
 13636 | D:11     | Found a runed translucent gate.
 13646 | D:11     | Found a runed translucent gate.
 13646 | D:11     | Found a runed translucent gate.
 13649 | D:11     | Noticed Garessta's ghost (journeyman FeSu)
 13933 | D:11     | Killed Garessta's ghost
 13939 | D:11     | Reached skill level 10 in Axes
 13950 | D:11     | Acquired the +2 tower shield of the Gate {*Slow Fly rElec
                  | rF+}
 14526 | D:12     | Noticed a two-headed ogre
 14534 | D:12     | Killed a two-headed ogre
 14795 | D:12     | Noticed a tengu warrior
 14810 | D:12     | Killed a tengu warrior
 14926 | D:12     | Noticed Jorgrun
 14956 | D:12     | Killed Jorgrun
 15275 | D:12     | Noticed a sun demon
 15417 | D:12     | Found a runed translucent gate.
 15418 | D:12     | Found a runed translucent gate.
 15419 | D:12     | Found a runed translucent gate.
 15420 | D:12     | Found an opulent altar of Gozag.
 15421 | D:12     | Noticed a centaur warrior
 15421 | D:12     | Noticed Ataumnicw's ghost (journeyman SpEn)
 15739 | D:13     | Reached skill level 10 in Shields
 15819 | D:13     | Reached skill level 5 in Invocations
 16303 | D:13     | Gained mutation: You can use your snake-like lower body to
                  | constrict enemies. [Naga growth]
 16303 | D:13     | Reached XP level 13. HP: 109/127 MP: 14/16
 16490 | D:13     | Noticed a rakshasa
 16500 | D:13     | Killed a rakshasa
 17107 | Lair:1   | Entered Level 1 of the Lair of Beasts
 17121 | Lair:1   | Noticed Gastronok
 17122 | Lair:1   | Noticed Maggie
 17127 | Lair:1   | Killed Maggie
 17139 | Lair:1   | Killed Gastronok
 17204 | Lair:1   | Noticed Erica
 17211 | Lair:1   | Killed Erica
 17212 | Lair:1   | Noticed Amaemon
 17222 | Lair:1   | Killed Amaemon
 17455 | Lair:1   | Noticed Urug
 17464 | Lair:1   | Killed Urug
 17671 | Lair:1   | Reached ****** piety under Cheibriados
 18176 | Lair:2   | Identified the +5 hand axe of the Six Priests {vorpal,
                  | Int+2 Dex+5}
 19219 | Lair:3   | Found a staircase to the Snake Pit.
 19223 | Lair:3   | Reached skill level 10 in Armour
 20048 | Lair:4   | Reached XP level 14. HP: 136/136 MP: 19/19
 20714 | Lair:4   | Found a staircase to the Shoals.
 21134 | Lair:5   | Found a transporter.
 21141 | Lair:5   | Found a transporter.
 21148 | Lair:5   | Found a bloodstained altar of Trog.
 21148 | Lair:5   | Noticed Wiypapt's ghost (journeyman DjCj)
 21184 | Lair:5   | Found a gate leading to a gauntlet.
 21200 | Gauntlet | Entered a Gauntlet
 21200 | Gauntlet | Found a transporter.
 21200 | Gauntlet | Found a transporter.
 21235 | Gauntlet | Found a transporter.
 21239 | Gauntlet | Found a transporter.
 21249 | Gauntlet | Found a transporter.
 21251 | Gauntlet | Found a transporter.
 21259 | Gauntlet | Noticed a ghost moth
 21259 | Gauntlet | a spark wasp changed into a ghost moth
 21260 | Gauntlet | Found a transporter.
 21272 | Gauntlet | Noticed a quicksilver ooze
 21272 | Gauntlet | a jorogumo changed into a quicksilver ooze
 21273 | Gauntlet | a quicksilver ooze changed into a boulder beetle
 21275 | Gauntlet | Noticed a quicksilver ooze
 21275 | Gauntlet | a boulder beetle changed into a quicksilver ooze
 21276 | Gauntlet | a quicksilver ooze changed into a spark wasp
 21278 | Gauntlet | Noticed a broodmother
 21278 | Gauntlet | a spark wasp changed into a broodmother
 21279 | Gauntlet | Found a transporter.
 21282 | Gauntlet | Noticed a storm dragon
 21284 | Gauntlet | a storm dragon changed into a catoblepas
 21296 | Gauntlet | Found a transporter.
 21301 | Gauntlet | Found a transporter.
 21303 | Gauntlet | Found a runed translucent gate.
 21303 | Gauntlet | Found a runed translucent gate.
 21303 | Gauntlet | Found a runed translucent gate.
 21309 | Gauntlet | Found a transporter.
 21313 | Gauntlet | Found a transporter.
 21365 | Gauntlet | Noticed a ghost moth
 21367 | Gauntlet | Noticed an emperor scorpion
 21367 | Gauntlet | a ghost moth changed into an emperor scorpion
 21368 | Gauntlet | Noticed an eleionoma
 21368 | Gauntlet | an iron troll changed into an eleionoma
 21369 | Gauntlet | Noticed a dire elephant
 21369 | Gauntlet | an eleionoma changed into a dire elephant
 21371 | Gauntlet | Noticed a sphinx
 21371 | Gauntlet | a dire elephant changed into a sphinx
 21372 | Gauntlet | a sphinx changed into an iron troll
 21418 | Gauntlet | Noticed a golden dragon
 21422 | Gauntlet | Noticed a broodmother
 21422 | Gauntlet | a slime creature changed into a broodmother
 21424 | Gauntlet | Noticed an iron giant
 21425 | Gauntlet | Noticed a quicksilver dragon
 21425 | Gauntlet | an iron giant changed into a quicksilver dragon
 21425 | Gauntlet | a broodmother changed into a tyrant leech
 21520 | Gauntlet | Noticed a quicksilver dragon
 21530 | Gauntlet | a quicksilver dragon changed into an iron troll
 21535 | Gauntlet | Noticed an entropy weaver
 21535 | Gauntlet | an ettin changed into an entropy weaver
 21536 | Gauntlet | an entropy weaver changed into an ice dragon
 21549 | Gauntlet | Identified the amulet of Xom's Bemusement {Acrobat Will++}
 21552 | Gauntlet | Noticed a frost giant
 22038 | Lair:5   | Found a white marble altar of Elyvilon.
 22097 | Lair:5   | Found a staircase to the Slime Pits.
 22979 | Lair:6   | Entered Level 6 of the Lair of Beasts
 24022 | Lair:6   | Reached XP level 15. HP: 142/146 MP: 19/21
 24042 | Lair:6   | Identified the +8 quarterstaff of Poverty {protect, Dex+2}
 24044 | Lair:6   | Identified the +0 halberd of Reinforcement {antimagic, rC+
                  | SInv}
 24076 | Lair:6   | Noticed Josephine
 24081 | Lair:6   | Killed Josephine
 25275 | D:14     | Found a radiant altar of Vehumet.
 25740 | D:14     | Found the +1 cloak of Starlight {*Dazzle EV+4 Stlth--}
 26036 | D:14     | Found a gate to the Vaults.
 26427 | D:15     | Entered Level 15 of the Dungeon
 26442 | D:15     | Reached skill level 10 in Invocations
 27433 | D:15     | Found a staircase to the Depths.
 27826 | Orc:1    | Entered Level 1 of the Orcish Mines
 27872 | Orc:1    | Noticed an orc warlord
 27887 | Orc:1    | Killed an orc warlord
 27892 | Orc:1    | HP: 1/217 [orc priest/divine providence (13)]
 28326 | Orc:1    | Noticed an orc warlord
 28434 | Orc:1    | Killed an orc warlord
 28435 | Orc:1    | Reached XP level 16. HP: 124/158 MP: 20/24
 28691 | Orc:2    | Entered Level 2 of the Orcish Mines
 28847 | Orc:2    | Found a staircase to the Elven Halls.
 28938 | Orc:2    | Noticed Blork the orc
 28968 | Orc:2    | Noticed Saint Roka
 28969 | Orc:2    | Killed Blork the orc
 28984 | Orc:2    | Killed Saint Roka
 28992 | Orc:2    | Killed from afar by an orc high priest

Illustrated notes

Levels and vault maps discovered:
D:1:      onia_arrival_pyramid, layout_loops_corners, serial_glass,
          glass_columns_c, glass_columns_b,
          shapermc_ecumenical_altar_mp_highgroup, nrook_mini_backslash
D:2:      layout_basic
D:3:      layout_basic
D:4:      layout_gridville, kennysheep_little_box, portal_sewer_entry_f,
          serial_bayou_lake_a
D:5:      layout_basic, nicolae_overflow_hidden_temple,
          mainiacjoe_overflow_tiny_flanked, minmay_temple_entry_ruins,
          serial_shops, shop, corexii_hall_statues_x, amcnicky_mini_pool_small
D:6:      layout_basic, nicolae_wu_jian_glorious_leap
D:7:      layout_basic, grunt_temple_overflow_opulence,
          riverfiend_overflow_shadow_ancestor, old_standard_altar, serial_shops,
          shop, shop
D:8:      layout_basic, uniq_joseph, uniq_grum
D:9:      layout_irregular_city, mainiacjoe_overflow_six_doors_small,
          grunt_decor_cap, grunt_ministairs_15
D:10:     layout_gridville, kennysheep_orc_monster_closet_entryway
D:11:     layout_cave_pools, lair_entry_dummy, gammafunk_ghost_necromancy,
          lemuel_flame_loot_1
D:12:     layout_loops_corners, ebering_ghost_gozag, uniq_jorgrun
D:13:     layout_basic, kennysheep_boxes
D:14:     layout_loops_ring, ximxim_vaults_locker_room, fiery_altar_vehumet,
          hellmonk_guarded_unrand_starlight
D:15:     grunt_enter_depths_hoard, layout_basic, chequers_serial_rivers_marsh
Temple:   nicolae_temple_bog_church
Lair:1:   layout_gridlike, minmay_stone_trees_small, grunt_megastairs_1,
          serial_bayou_shore_b, uniq_amaemon, uniq_urug, uniq_maggie,
          uniq_gastronok, uniq_erica
Lair:2:   wad_woods_minihive, layout_hall_layers
Lair:3:   layout_chaotic_city, minmay_snake_entry_guardpost_small
Lair:4:   layout_cave_pods, elwin_shoals_entry_rooms, beast_lair_carwin_3
Lair:5:   layout_concentric_octagons, slime_entry_1,
          gammafunk_ghost_wrathful_warriors, gauntlet_entry_generic, basic_altar
Lair:6:   minmay_lair_end_enchanted_forest, layout_cave_pods, enter_volcano_4,
          nicolae_quartered_pool_little, serial_bayou_shore_b, uniq_josephine
Orc:1:    layout_caves
Orc:2:    grunt_orc_cross, layout_caves, uniq_donald

Skill      XL: |  1  2  3  4  5  6  7  8  9 10 11 12 13 14 15 16 |
---------------+-------------------------------------------------+-----
Shields        | 3 4 5 6 8 9 10 11 12 | 12.9
Armour         | 3 4 5 6 7 8 9 10 11 | 11.9
Axes           | 3 4 5 7 8 9 10 11 12 13 | 13.7
Fighting       | 4 5 6 7 8 10 11 12 13 | 13.9
Invocations    | 1 5 7 9 10 11 | 11.1

Action                   |  1- 3 |  4- 6 |  7- 9 | 10-12 | 13-15 | 16-18 || total
-------------------------+-------+-------+-------+-------+-------+-------++-------
Melee: War axe           |    51 |   103 |   155 |       |       |       ||   309
       Hand axe          |       |       |   138 |   437 |   903 |   100 ||  1578
       Constrict         |       |       |       |       |   222 |    29 ||   251
       Morningstar       |       |       |       |       |     6 |       ||     6
       Eveningstar       |       |       |       |       |    24 |       ||    24
Invok: Slouch            |       |       |       |       |     1 |     2 ||     3
       Step From Time    |       |       |       |       |     1 |       ||     1
       Bend Time         |       |       |       |       |       |     1 ||     1
 Abil: Spit Poison       |    22 |    45 |    10 |       |     2 |       ||    79
  Use: Potion            |     3 |     1 |     3 |     1 |     2 |     1 ||    11
       Scroll            |       |    15 |     2 |    10 |     6 |       ||    33
 Stab: Invisible         |       |       |       |       |     8 |     3 ||    11
Armor: Scale mail        |    42 |    80 |   113 |       |       |       ||   235
       Chain mail        |       |       |   110 |   468 |   887 |    21 ||  1486
Dodge: Dodged            |    34 |    52 |    57 |    98 |   173 |    22 ||   436
Block: Buckler           |    16 |    30 |    78 |   134 |       |       ||   258
       Tower shield      |       |       |       |   159 |  1167 |    96 ||  1422

Table legend: (Time is in decaauts)
 A = Elapsed time spent in this place.
 B = Non-inter-level travel time spent in this place.
 C = Inter-level travel time spent in this place.
 D = Time resting spent in this place.
 E = Time spent auto-exploring this place.
 F = Levels seen in this place.
 G = Mean time per level.
                   A        B        C        D        E       F      G
               +--------+--------+--------+--------+--------+-----+--------+
         Total |  49298 |  46690 |   2608 |   3250 |  37414 |  25 | 1971.9 |
       Dungeon |  31161 |  29286 |   1875 |   2969 |  23141 |  15 | 2077.4 |
        Temple |     93 |     93 |      0 |      0 |     19 |   1 |   93.0 |
          Lair |  15116 |  14384 |    732 |      0 |  12846 |   6 | 2519.3 |
  Orcish Mines |   1826 |   1826 |      0 |    240 |   1206 |   2 |  913.0 |
      Gauntlet |   1100 |   1100 |      0 |     41 |    200 |   1 | 1100.0 |
               +--------+--------+--------+--------+--------+-----+--------+

Top non-repeatable levels by time:
    D:12: 3221 daAuts
  Lair:6: 3131 daAuts
     D:6: 3096 daAuts
    D:14: 3080 daAuts
  Lair:2: 2829 daAuts
    D:11: 2730 daAuts
  Lair:4: 2622 daAuts
  Lair:5: 2618 daAuts
    D:13: 2303 daAuts
    D:10: 2214 daAuts
    D:15: 2172 daAuts
  Lair:1: 2030 daAuts
  Lair:3: 1884 daAuts
     D:9: 1879 daAuts
     D:7: 1754 daAuts
